 Dungeon Crawl Stone Soup version 0.31-a0-360-gb3e1d13bf4 (webtiles) character file.

Game seed: 5552754429161244224

420 porpoise the Slasher (level 6, -12/49 HPs)
             Began as a Demonspawn Gladiator on July 27, 2023.
             Killed by nerve-wracking pain
             ... invoked by a shadow imp
              (14 damage)
             ... on level 5 of the Dungeon.
             The game lasted 00:09:04 (3298 turns).

porpoise the Slasher (Demonspawn Gladiator)         Turns: 3298, Time: 00:09:08

Health: -12/49     AC:  6    Str: 15    XL:     6   Next: 62%
Magic:  6/6        EV: 12    Int:  9    God:
Gold:   153        SH:  0    Dex: 16    Spells: 5/5 levels left

rFire   + . .        a - +0 long sword
rCold   . . .        (no shield)
rNeg    . . .        n - +1 leather armour of Pathry {rF+ rCorr}
rPois   .            c - +1 helmet
rElec   .            (no cloak)
rCorr   +            (no gloves)
SInv    .            (no boots)
Will    .....        (no amulet)
Stlth   +            (no ring)
HPRegen 0.28/turn    (no ring)
MPRegen 0.10/turn

%: no passive effects
@: invisible
A: spiny 1, sturdy frame 1, demonic magic 1
a: no special abilities


You were on level 5 of the Dungeon.
You visited 1 branch of the dungeon, and saw 5 of its levels.

You collected 225 gold pieces.
You spent 72 gold pieces at shops.

Inventory:

Hand Weapons
 a - a +0 long sword (weapon)
Missiles
 d - 2 throwing nets (quivered)
 e - a javelin
Armour
 c - a +1 helmet (worn)
 n - the +1 leather armour of Pathry (worn) {rF+ rCorr}
   (You found it on level 2 of the Dungeon)

   rF:        It protects you from fire.
   rCorr:     It protects you from acid and corrosion.
Scrolls
 g - 2 scrolls of enchant armour
 h - a scroll of teleportation {unknown}
 i - a scroll of blinking {unknown}
 j - a scroll of fog {unknown}
 l - a scroll of fear {unknown}
 o - a scroll of summoning {unknown}
 p - a scroll of immolation {unknown}
Potions
 b - a potion of enlightenment
 k - a potion of ambrosia
 m - 3 potions of curing


   Skills:
 + Level 4.4 Fighting
 * Level 5.8 Long Blades
 - Level 1.7 Throwing
 - Level 2.6 Dodging


You had 5 spell levels left.
You didn't know any spells.
Your spell library contained the following spells:

 Spells                   Type           Power      Damage    Failure   Level
 Magic Dart               Conj           0%         1d3       38%         1
 Searing Ray              Conj           0%         2d4       54%         2
 Fulminant Prism          Conj/Hex       0%         3d5       99%         4


Dungeon Overview and Level Annotations

Branches:
Dungeon (5/15)
 Temple: D:4-7

Altars:
Okawaru

Shops:
D:4 !   D:5 *:

Annotations:
D:1 1 runed translucent door


Innate Abilities, Weirdness & Mutations

You are partially covered in sharp spines.
Your movements are slightly less encumbered by armour. (ER -2)
Spells you cast may paralyse adjacent enemies.


Message History

The orc is almost dead.
The shadow imp hits you but does no damage.
You slash the orc!
You kill the orc!
The shadow imp closely misses you.
You closely miss the shadow imp. The orc closely misses you.
The shadow imp hits you.
You closely miss the shadow imp. The orc closely misses you.
The shadow imp barely misses you.
You barely miss the shadow imp.
The orc priest miscasts a cantrip.
The shadow imp barely misses you.
You hit the orc priest but do no damage.
The orc is struck by your spines. The orc hits you but does no damage.
The orc priest barely misses you. The shadow imp hits you.
The orc priest is struck by your spines.
The orc priest hits you with a +0 whip. The orc is struck by your spines.
You kill the orc!
The shadow imp gestures at you. Pain shoots through your body!
You barely miss the orc priest.
The orc priest is moderately wounded.
The orc priest begins to cast a cantrip, but forgets the words!
The shadow imp gestures at you. Pain shoots through your body!
You hit the orc priest.
The orc priest is moderately wounded.
The orc priest closely misses you.
The orc priest mumbles some strange prayers to Beogh against you.
Beogh smites you!
* * * LOW HITPOINT WARNING * * *
The shadow imp hits you.
* * * LOW HITPOINT WARNING * * *
It was a potion of invisibility.
You fade into invisibility!
The orc priest mumbles some strange prayers to Beogh against you.
The orc priest writhes in agony.
The shadow imp gestures at you. Pain shoots through your body!
You die...

####!#............#
..................## #
#................# #..
##........##.....#
##..###............####
.......................
...##.................
#..........###....
#@o...............
#)5.###..>........
.o..###.........∩†
.....##............
...#..###.##........
..###..##.. #...∩....
... ...... #........
..# .....#...##.....
...##...##.....


You could see 2 orc priests and a shadow imp (unable to see you).

Vanquished Creatures
  An ogre (D:4)
  A scorpion (D:3)
  A hound (D:4)
  A jelly (D:5)
  An orc wizard (D:5)
  An iguana (D:4)
  8 adders
  2 worms
  3 dart slugs (D:4)
  3 orcs (D:5)
  11 ball pythons
  6 endoplasms
  3 giant cockroaches
  6 goblins
  5 hobgoblins
  9 jackals
  7 kobolds
  4 bats
  7 frilled lizards
  4 rats
84 creatures vanquished.

Notes
Turn   | Place    | Note
-------+----------+-------------------------------------------
     0 | D:1      | porpoise the Demonspawn Gladiator began the quest for the
                  | Orb.
     0 | D:1      | Reached XP level 1. HP: 16/16 MP: 1/1
     1 | D:1      | Found a runed translucent door.
    65 | D:1      | Found a faded altar of an unknown god.
    74 | D:1      | Reached skill level 3 in Long Blades
   118 | D:1      | Gained mutation: Your movements are slightly less
                  | encumbered by armour. (ER -2) [demonic ancestry]
   118 | D:1      | Reached XP level 2. HP: 22/22 MP: 2/2
   632 | D:1      | Gained mutation: You are partially covered in sharp spines.
                  | [demonic ancestry]
   632 | D:1      | Reached XP level 3. HP: 28/28 MP: 3/3
   972 | D:2      | Identified the +1 leather armour of Pathry {rF+ rCorr}
  1097 | D:2      | Reached skill level 4 in Long Blades
  1097 | D:2      | Gained mutation: Spells you cast may paralyse adjacent
                  | enemies. [demonic ancestry]
  1097 | D:2      | Reached XP level 4. HP: 35/35 MP: 4/4
  1360 | D:3      | Noticed a scorpion
  1373 | D:3      | Killed a scorpion
  1374 | D:3      | Reached XP level 5. HP: 22/41 MP: 5/5
  1873 | D:3      | Found an iron altar of Okawaru.
  2426 | D:4      | Noticed an ogre
  2434 | D:4      | Killed an ogre
  2435 | D:4      | Reached skill level 5 in Long Blades
  2435 | D:4      | Reached XP level 6. HP: 24/48 MP: 6/6
  2584 | D:4      | Found Bozy's Distillery.
  2590 | D:4      | Bought 2 potions of curing for 72 gold pieces
  3202 | D:5      | Entered Level 5 of the Dungeon
  3217 | D:5      | Found Yvuy's Book Shop.
  3220 | D:5      | Found Xybruana's General Store.
  3297 | D:5      | HP: 1/49 [shadow imp (4)]
  3298 | D:5      | Killed from afar by a shadow imp

Illustrated notes

Levels and vault maps discovered:
D:1:      dpeg_arrival_caged_fury, layout_basic,
          hellmonk_ecumenical_altar_dog_temple, moated_statue
D:2:      layout_rooms
D:3:      layout_basic, hellmonk_okawaru_the_only_friend_you_need,
          kennysheep_flooded_box
D:4:      layout_basic, serial_shops, nicolae_shop_stone
D:5:      layout_cave_pools, serial_shops, shop, shop, gammafunk_ghost_arena

Skill      XL: |  1  2  3  4  5 |
---------------+----------------+-----
Long Blades    | 3 4 5 |  5.8
Fighting       | 3 4 |  4.4
Throwing       | |  1.7
Dodging        | |  2.6

Action                     |  1- 3 |  4- 6 || total
---------------------------+-------+-------++-------
  Melee: Long sword        |    89 |    92 ||   181
         Punch             |       |     1 ||     1
  Throw: Throwing net      |       |     1 ||     1
    Use: Scroll            |       |     5 ||     5
         Potion            |       |     2 ||     2
   Stab: Sleeping          |       |     3 ||     3
 Armour: Leather armour    |    14 |    27 ||    41
         Chain mail        |    23 |       ||    23
  Dodge: Dodged            |    38 |    46 ||    84

Table legend: (Time is in decaauts)
 A = Elapsed time spent in this place.
 B = Non-inter-level travel time spent in this place.
 C = Inter-level travel time spent in this place.
 D = Time resting spent in this place.
 E = Time spent auto-exploring this place.
 F = Levels seen in this place.
 G = Mean time per level.
                   A        B        C        D        E       F      G
               +--------+--------+--------+--------+--------+-----+--------+
         Total |   3331 |   3184 |    147 |    333 |   2184 |   5 |  666.2 |
       Dungeon |   3331 |   3184 |    147 |    333 |   2184 |   5 |  666.2 |
               +--------+--------+--------+--------+--------+-----+--------+

Top non-repeatable levels by time:
     D:4: 997 daAuts
     D:3: 890 daAuts
     D:1: 855 daAuts
     D:2: 491 daAuts
     D:5: 96 daAuts
